 Dungeon Crawl Stone Soup version 0.17.0-27-g4a3f43e (console) character file.

52 gw the Twirler (level 3, 31/31 HPs)
             Began as a Minotaur Gladiator on Nov 21, 2015.
             Starved to death
             ... on level 2 of the Dungeon.
             The game lasted 00:02:28 (1512 turns).

gw the Twirler (Minotaur Gladiator)                 Turns: 1512, Time: 00:02:28

Health: 31/31      AC:  3    Str: 19    XL:     3   Next: 60%
Magic:  2/2        EV: 12    Int:  5    God:
Gold:   66         SH:  0    Dex: 11    Spells: 0 memorised, 2 levels left

rFire  . . .     SeeInvis .     a - +2 quarterstaff
rCold  . . .     Clarity  .     b - +0 leather armour
rNeg   . . .     SustAt   .     (shield currently unavailable)
rPois  .         Gourm    .     c - +0 hat
rElec  .         Spirit   .     (no cloak)
rCorr  .         Warding  .     (no gloves)
rMut   .         Stasis   .     (no boots)
MR     .....                    (no amulet)
Stlth  +.........               (no ring)
                                (no ring)

@: fainting, not resistant to hostile enchantments, very unstealthy
A: retaliatory headbutt, horns 2
a: no special abilities


You were on level 2 of the Dungeon.
You were fainting.

You visited 1 branch of the dungeon, and saw 2 of its levels.

You collected 66 gold pieces.

Inventory:

Hand Weapons
 a - a +2 quarterstaff (weapon)
Missiles
 d - 3 throwing nets
 f - 23 stones (quivered)
 l - 5 needles of sleeping
Armour
 b - a +0 leather armour (worn)
 c - a +0 hat (worn)
Scrolls
 g - a scroll of fog {unknown}
Comestibles
 e - a bread ration
 i - a meat ration


   Skills:
 + Level 3.0 Fighting
 * Level 4.8 Staves
 + Level 2.2 Throwing
 + Level 1.0 Armour
 - Level 3.2 Dodging


You had 2 spell levels left.
You didn't know any spells.

Dungeon Overview and Level Annotations

Branches:
Dungeon (2/15)

Altars:


Innate Abilities, Weirdness & Mutations

You reflexively headbutt those who attack you in melee.
You have a pair of horns on your head.


Message History

You see here 4 stones.
ATTACK MOVE TO (1,0)
You see here 4 stones.
ATTACK MOVE TO (0,-1)
You see here 4 stones.
ATTACK MOVE TO (1,0)
You see here 4 stones.
ATTACK MOVE TO (0,-1)
You see here 4 stones.
ATTACK MOVE TO (1,0)
You see here 4 stones.
ATTACK MOVE TO (0,-1)
You see here 4 stones.
ATTACK MOVE TO (1,0)
You see here 4 stones.
ATTACK MOVE TO (0,-1)
You see here 4 stones.
ATTACK MOVE TO (1,0)
You have starved to death.
You die...

## .. #.#######
#....[~~# #.....~~#
#.....~~# #.....~g+
#....(~~# #)....H~# ....
#(...(~~# ....
#(######## ...(.
#.........
......#####..#######
........##.......#
#.#.##.##.#####....#
###.........########...#
...............# ..#


You could see a goblin.

Table legend:
 A = Turns spent in this place as a percentage of turns spent in the entire game.
 B = Non-inter-level travel turns spent in this place as a percentage of non-inter-level travel turns spent in the entire game.
 C = Inter-level travel turns spent in this place as a percentage of turns spent in this place.
 D = Turns resting spent in this place as a percentage of non-inter-level travel turns spent in this place.
 E = Turns spent auto-exploring this place as a percentage of non-inter-level travel turns spent in this place.
 F = Non-inter-level travel turns spent in this place divided by the number of levels of this place that you've seen.
                   A       B       C       D       E      F
               +-------+-------+-------+-------+-------+----------------------
         Total | 100.0 | 100.0 |   0.0 |   0.0 |   0.8 | 2348.0
       Dungeon | 100.0 | 100.0 |   0.0 |   0.0 |   0.8 | 2348.0
               +-------+-------+-------+-------+-------+----------------------

Table legend:
 A = Kills in this place as a percentage of kills in entire the game.
 B = Kills by you in this place as a percentage of kills by you in the entire game.
 C = Kills by friends in this place as a percentage of kills by friends in the entire game.
 D = Other kills in this place as a percentage of other kills in the entire game.
 E = Experience gained in this place as a percentage of experience gained in the entire game.
 F = Experience gained in this place divided by the number of levels of this place that you have seen.
                   A       B       C       D       E      F
               +-------+-------+-------+-------+-------+----------------------
         Total | 100.0 | 100.0 |  -nan |  -nan | 100.0 |  37.5
       Dungeon | 100.0 | 100.0 |  -nan |  -nan | 100.0 |  37.5
               +-------+-------+-------+-------+-------+----------------------

Vanquished Creatures
  2 adders (D:2)
  An ooze (D:1)
  2 giant geckos (D:1)
  4 bats
  8 goblins
  7 hobgoblins
  2 kobolds (D:1)
  3 rats
29 creatures vanquished.

Notes
Turn   | Place    | Note
--------------------------------------------------------------
     0 | D:1      | gw the Minotaur Gladiator began the quest for the Orb.
     0 | D:1      | Reached XP level 1. HP: 18/18 MP: 0/0
   184 | D:1      | Reached skill level 4 in Staves
   184 | D:1      | Reached XP level 2. HP: 25/25 MP: 1/1
   833 | D:2      | Reached XP level 3. HP: 30/30 MP: 2/2
  1311 | D:2      | Reached skill level 1 in Armour
  1512 | D:2      | Starved to death

Action                   || total
-------------------------++-------
Melee: Quarterstaff      ||    39
Throw: Stone             ||    46
  Use: Scroll            ||     5

Vault maps used:
D:1:      lightli_arrival_maybe_door_vault
D:2:      first_bread, minmay_goblin_outpost, uniq_jessica
